 Dungeon Sprint DCSS version 0.30.1-9-gdf580d7c3d (webtiles) character file.

Game seed: 3358789905114035553

973 Heoruswealwe the Spear-Bearer (level 7, -1/74 HPs)
             Began as a Minotaur Fighter on Oct 19, 2023.
             Was an Initiate of Gozag.
             Slain by a yak (11 damage)
             ... in the Dungeon (Sprint IX: "|||||||||||||||||||||||||||||").
             The game lasted 00:01:14 (149 turns).

Heoruswealwe the Spear-Bearer (Minotaur Fighter)     Turns: 149, Time: 00:01:15

Health: -1/74      AC:  9    Str: 22    XL:     7   Next: 94%
Magic:  6/6        EV:  9    Int:  5    God:    Gozag
Gold:   0          SH:  4    Dex: 10    Spells: 6/6 levels left

rFire   . . .        a - +0 trident
rCold   . . .        d - +0 buckler
rNeg    . . .        c - +0 scale mail
rPois   .            (helmet restricted)
rElec   .            (no cloak)
rCorr   .            (no gloves)
SInv    .            (no boots)
Will    .....        (no amulet) Stlth
                     (no ring)
HPRegen 0.32/turn    (no ring)
MPRegen 0.10/turn

%: no teleportation
@: gold aura
A: horns 2, retaliatory headbutt
a: Renounce Religion, Potion Petition, Call Merchant, Bribe Branch


You were in the Dungeon.
You worshipped Gozag.
Gozag was noncommittal.
You visited 1 branch

Inventory:

Hand Weapons
 a - a +0 trident (weapon)
Armour
 c - a +0 scale mail (worn)
 d - a +0 buckler (worn)
Jewellery
 k - a +2 ring of protection
 l - a +3 ring of dexterity
Wands
 h - a wand of light (10)
Scrolls
 j - 2 scrolls of blinking
Potions
 b - a potion of might
 e - 5 potions of curing
 f - 3 potions of heal wounds
 g - a potion of haste
 i - a potion of berserk rage


   Skills:
 + Level 11.0 Fighting
 * Level 14.6 Polearms
 + Level 11.0 Armour
 - Level 3.6 Shields


You had 6 spell levels left.
You didn't know any spells.
Your spell library was empty.

Dungeon Overview and Level Annotations

Branches:
Dungeon (1/1)

Altars:
Cheibriados
Dithmenos
Elyvilon
Fedhas
Gozag
Hepliaklqana
Kikubaaqudgha
Makhleb
Nemelex Xobeh
Okawaru
Qazlal
Ru
Sif Muna
Trog
Uskayaw
Vehumet
Wu Jian
Xom
Yredelemnul
Zin
The Shining One
Jiyva
Lugonu


Innate Abilities, Weirdness & Mutations

You have a pair of horns on your head.
You reflexively headbutt those who attack you in melee.


Message History

Your Polearms skill increases to level 14!
The centaur shouts!
You hit the troll.
The troll is lightly wounded.
The troll closely misses you.
The troll claws you but does no damage. x2
You completely miss the troll.
The troll is lightly wounded.
You barely miss the troll. You headbutt the troll!
The troll is heavily wounded.
You block the troll's attack. The troll completely misses you.
The troll claws you but does no damage.
You closely miss the troll.
The troll is moderately wounded.
The troll bites you!
* * * LOW HITPOINT WARNING * * *
The troll claws you but does no damage. The troll misses you.
You puncture the troll!
The troll is severely wounded.
You hit the troll. Your headbutt misses the troll.
The troll is severely wounded.
The troll is distracted by your dazzling golden aura.
You barely miss the troll.
The troll is no longer distracted by gold.
Your headbutt misses the troll.
The troll is severely wounded.
You puncture the troll!
You kill the troll!
The centaur is no longer distracted by gold.
Your Fighting skill increases to level 11!
Your Armour skill increases to level 11!
You hit the yak. You headbutt the yak!
The yak is moderately wounded.
The yak barely misses you.
You puncture the yak! You headbutt the yak, but do no damage.
The yak is heavily wounded.
You hit the yak.
The yak is severely wounded.
The yak gores you!
You die...
Your body crumbles into a pile of gold.

$
▓!▓
$
▓?▓
$
▓)▓
$
▓.▓
▓[▓
$
▓[▓
▓[▓
$
▓.▓
▓@▓
$
▓Y▓
▓c▓
$
▓.▓
$
▓.▓
$ $
▓.▓
$
▓.▓
$
▓.▓


You could see a yak and a centaur.

Vanquished Creatures
  A kobold demonologist (D)
  2 trolls (D)
  A water moccasin (D)
  An orc warrior (D)
  A scorpion (D)
  An iguana (D)
  2 orcs (D)
  A ball python (D)
  A goblin (D)
  A hobgoblin (D)
  A quokka (D)
  A bat (D)
14 creatures vanquished.

Notes
Turn   | Place    | Note
-------+----------+-------------------------------------------
     0 | D        | Heoruswealwe the Minotaur Fighter began the quest for the
                  | Orb.
     0 | D        | Reached XP level 1. HP: 19/19 MP: 0/0
     6 | D        | Reached skill level 3 in Polearms
    30 | D        | Noticed a scorpion
    30 | D        | Noticed an iguana
    30 | D        | Noticed a water moccasin
    36 | D        | Killed a scorpion
    37 | D        | Reached skill level 5 in Fighting
    37 | D        | Reached skill level 6 in Polearms
    37 | D        | Reached skill level 5 in Armour
    37 | D        | Reached XP level 2. HP: 25/30 MP: 1/1
    37 | D        | Reached XP level 3. HP: 31/37 MP: 2/2
    42 | D        | Reached skill level 7 in Polearms
    42 | D        | Reached XP level 4. HP: 31/44 MP: 3/3
    49 | D        | Killed a water moccasin
    50 | D        | Reached skill level 9 in Polearms
    50 | D        | Reached XP level 5. HP: 32/53 MP: 4/4
    57 | D        | Found a snail-covered altar of Cheibriados.
    57 | D        | Found a shadowy altar of Dithmenos.
    57 | D        | Found a white marble altar of Elyvilon.
    57 | D        | Found a blossoming altar of Fedhas.
    57 | D        | Found an opulent altar of Gozag.
    58 | D        | Found a hazy altar of Hepliaklqana.
    59 | D        | Found a viscous altar of Jiyva.
    60 | D        | Found an ancient bone altar of Kikubaaqudgha.
    61 | D        | Found a corrupted altar of Lugonu.
    62 | D        | Found a burning altar of Makhleb.
    63 | D        | Found a sparkling altar of Nemelex Xobeh.
    64 | D        | Found an iron altar of Okawaru.
    65 | D        | Became a worshipper of Gozag Ym Sagoz the Greedy
    66 | D        | Found a stormy altar of Qazlal.
    67 | D        | Found a sacrificial altar of Ru.
    68 | D        | Found a shimmering blue altar of Sif Muna.
    69 | D        | Found a bloodstained altar of Trog.
    70 | D        | Found a hide-covered altar of Uskayaw.
    71 | D        | Found a radiant altar of Vehumet.
    72 | D        | Found an ornate altar of the Wu Jian Council.
    73 | D        | Found a shimmering altar of Xom.
    74 | D        | Found a basalt altar of Yredelemnul.
    75 | D        | Found a glowing silver altar of Zin.
    76 | D        | Found a glowing golden altar of the Shining One.
   100 | D        | Noticed a kobold demonologist
   100 | D        | Noticed a troll
   100 | D        | Noticed an orc warrior
   100 | D        | Noticed a troll
   100 | D        | Noticed a yak
   100 | D        | Noticed a centaur
   120 | D        | Killed a kobold demonologist
   121 | D        | Reached skill level 12 in Polearms
   121 | D        | Reached XP level 6. HP: 55/64 MP: 5/5
   128 | D        | Killed a troll
   129 | D        | Reached skill level 10 in Fighting
   129 | D        | Reached skill level 13 in Polearms
   129 | D        | Reached skill level 10 in Armour
   129 | D        | Reached XP level 7. HP: 22/73 MP: 6/6
   139 | D        | Reached skill level 14 in Polearms
   146 | D        | Killed a troll
   149 | D        | Slain by a yak

Illustrated notes

Levels and vault maps discovered:
D:        linesprint [early_d, line_temple, items_1, d_10, items_2, lair_1,
          lair_end, items_3, orc_1, orc_end, items_4, d_15, swamp_1, shoals_1,
          snake_1, spider_1, d_20, vaults_1, items_5, swamp_end, shoals_end,
          snake_end, spider_end, vaults_end, d_27, items_6, zot_1, zot_end,
          crypt_end, forest_end, elf_end, slime_end, tomb_end, abyss_end,
          pan_hell_end]

Skill      XL: |  1  2  3  4  5  6  7 |
---------------+----------------------+-----
Polearms       | 6 7 9 12 13 14 | 14.6
Fighting       | 5 6 7 9 10 11 | 11.0
Armour         | 5 6 7 9 10 11 | 11.0
Shields        | |  3.6

Action                     |  1- 3 |  4- 6 |  7- 9 || total
---------------------------+-------+-------+-------++-------
  Melee: Trident           |    16 |    37 |    21 ||    74
         Headbutt          |     2 |     4 |     6 ||    12
 Armour: Scale mail        |     2 |    14 |     4 ||    20
  Dodge: Dodged            |     9 |    17 |     4 ||    30
  Block: Buckler           |     2 |     8 |     2 ||    12
